2269 views
Uploaded 2021-08-11 11:22:05
Game version 1.32.10
14:39 long 1on1 ladder game on (2)Amazonia
Saved by aom
2269 views
Uploaded 2021-08-11 11:22:05
Game version 1.32.10
14:39 long 1on1 ladder game on (2)Amazonia

38 units @ 4k
/ 0.2k
18 buildings @ 3k
/ 1k


| Staff of Preservation | 1 | 150 |
| Moonstone | 1 | 50 |
| Potion of Healing | 1 | 150 |
| total: | 3 | 350g |
| Wisp | 20 | 1200 | / | 0 |
| Archer | 11 | 1430 | / | 110 |
| Huntress | 7 | 1365 | / | 140 |
| total: | 38 | 3995g | / | 250w |
| Ancient Protector | 2 | 270 | / | 160 |
| Altar of Elders | 1 | 180 | / | 50 |
| Moon Well | 11 | 1980 | / | 440 |
| Ancient of War | 1 | 150 | / | 60 |
| Hunter's Hall | 1 | 210 | / | 100 |
| Ancient of Wonders | 1 | 90 | / | 30 |
| Ancient of Lore | 1 | 155 | / | 145 |
| Tree of Ages | 1 | 320 | / | 180 |
| Tree of Eternity | 1 | 330 | / | 200 |
| total: | 18 | 3035g | / | 985w |
| 0:03 | Altar of Elders |
| 0:05 | Wisp |
| 0:11 | Moon Well |
| 0:12 | Wisp |
| 0:27 | Ancient of War |
| 0:33 | Wisp |
| 0:52 | Wisp |
| 0:53 | Wisp |
| 1:11 | Wisp |
| 1:28 | Archer |
| 1:38 | Moon Well |
| 1:42 | Wisp |
| 2:07 | Mana Burn |
| 2:41 | Hunter's Hall |
| 2:42 | Wisp |
| 2:42 | Wisp |
| 3:10 | Tree of Ages |
| 3:47 | Ancient of Wonders |
| 3:50 | Evasion |
| 4:12 | Reinforced Hides |
| 4:56 | Huntress |
| 4:56 | Huntress |
| 5:09 | Strength of the Moon |
| 5:21 | Moon Well |
| 5:22 | Moon Well |
| 5:57 | Huntress |
| 6:14 | Moon Well |
| 6:16 | Improved Strength of the Moon |
| 6:39 | Moon Glaive |
| 6:58 | Wisp |
| 6:58 | Wisp |
| 7:03 | Evasion |
| 7:11 | Huntress |
| 7:26 | Moon Well |
| 7:35 | Wisp |
| 7:35 | Wisp |
| 7:35 | Wisp |
| 7:41 | Trueshot Aura |
| 8:04 | Staff of Preservation |
| 8:06 | Moonstone |
| 8:19 | Moon Well |
| 9:11 | Moon Well |
| 9:32 | Archer |
| 9:32 | Archer |
| 10:09 | Potion of Healing |
| 10:30 | Archer |
| 10:30 | Archer |
| 10:52 | Tree of Eternity |
| 10:56 | Searing Arrows |
| 11:02 | Moon Well |
| 11:09 | Ancient Protector |
| 11:14 | Ancient of Lore |
| 11:16 | Huntress |
| 11:16 | Huntress |
| 12:05 | Moon Well |
| 12:10 | Moon Well |
| 12:14 | Huntress |
| 13:01 | Ancient Protector |
| 13:05 | Archer |
| 13:05 | Archer |
| 13:27 | Archer |
| 13:27 | Archer |
| 14:00 | Wisp |
| 14:00 | Wisp |
| 14:00 | Wisp |
| 14:00 | Wisp |
| 14:16 | Archer |
| 14:16 | Archer |
| 14:23 | Wisp |
| 14:23 | Wisp |
| Right click | 752 |
| Select | 325 |
| Select group | 163 |
| Misc. action | 131 |
| Build/train/purchase | 63 |
| Use ability | 23 |
| Assign group | 9 |
| Esc | 5 |
| Item give/drop | 3 |
20 units @ 2.9k
/ 0.3k
9 buildings @ 1.5k
/ 0.4k


| Rod of Necromancy | 3 | 450 |
| Ritual Dagger | 1 | 125 |
| Potion of Healing | 1 | 150 |
| Dust of Appearance | 1 | 75 |
| total: | 6 | 800g |
| Acolyte | 2 | 150 | / | 0 |
| Ghoul | 11 | 1320 | / | 0 |
| Gargoyle | 6 | 1050 | / | 180 |
| Goblin Shredder | 1 | 375 | / | 100 |
| total: | 20 | 2895g | / | 280w |
| Altar of Darkness | 1 | 180 | / | 50 |
| Ziggurat | 4 | 600 | / | 200 |
| Crypt | 2 | 400 | / | 100 |
| Tomb of Relics | 1 | 130 | / | 30 |
| Graveyard | 1 | 215 | / | 0 |
| Halls of the Dead | 1 | 320 | / | 210 |
| Black Citadel | 1 | 325 | / | 230 |
| total: | 9 | 1525g | / | 380w |
| 0:04 | Acolyte |
| 0:05 | Altar of Darkness |
| 0:06 | Ziggurat |
| 0:16 | Acolyte |
| 0:31 | Crypt |
| 0:49 | Tomb of Relics |
| 1:11 | Ziggurat |
| 1:33 | Ghoul |
| 1:34 | Ghoul |
| 1:38 | Ghoul |
| 1:55 | Crypt |
| 2:04 | Rod of Necromancy |
| 2:07 | Sleep |
| 2:22 | Ghoul |
| 2:48 | Ghoul |
| 2:57 | Cannibalize |
| 3:33 | Ghoul |
| 3:40 | Halls of the Dead |
| 3:44 | Ritual Dagger |
| 3:53 | Rod of Necromancy |
| 3:57 | Dust of Appearance |
| 4:25 | Vampiric Aura |
| 4:57 | Ghoul |
| 5:00 | Ziggurat |
| 5:01 | Ziggurat |
| 5:22 | Ghoul |
| 6:09 | Vampiric Aura |
| 6:45 | Graveyard |
| 6:49 | Ghoul |
| 7:36 | Black Citadel |
| 7:45 | Death Coil |
| 8:26 | Goblin Shredder |
| 8:30 | Gargoyle |
| 9:02 | Gargoyle |
| 10:01 | Gargoyle |
| 10:03 | Creature Carapace |
| 10:05 | Ghoul Frenzy |
| 10:38 | Potion of Healing |
| 10:39 | Rod of Necromancy |
| 10:50 | Sleep |
| 11:17 | Gargoyle |
| 11:27 | Gargoyle |
| 11:29 | Unholy Aura |
| 12:20 | Gargoyle |
| 13:03 | Ghoul |
| 13:09 | Improved Creature Carapace |
| 14:25 | Death Coil |
| 14:36 | Ghoul |
| Right click | 579 |
| Select group | 493 |
| Select | 335 |
| Misc. action | 112 |
| Build/train/purchase | 72 |
| Assign group | 30 |
| Use ability | 20 |
| Item give/drop | 2 |
| Remove unit | 1 |
โ